 Dungeon Crawl Stone Soup version 0.30-a0-2-gf48d83f5e2 (webtiles) character file.

Game seed: 4683636370385706051

319 ytrimaz the Sneak (level 6, -6/38 HPs)
             Began as an Octopode Transmuter on Aug 20, 2022.
             Mangled by a black bear (9 damage)
             ... on level 4 of the Dungeon.
             The game lasted 00:04:47 (4321 turns).

ytrimaz the Sneak (Octopode Transmuter)             Turns: 4321, Time: 00:04:48

Health: -6/38      AC:  2    Str:  9    XL:     6   Next: 45%
Magic:  9/9        EV: 19    Int: 23    God:
Gold:   193        SH:  0    Dex: 18    Spells: 3/9 levels left

rFire   . . .      SeeInvis +      - Unarmed
rCold   . . .      Faith    .    (shield currently unavailable)
rNeg    . . .      Spirit   .    (helmet currently unavailable)
rPois   x          Reflect  .    b - amulet of magic regeneration
rElec   .          Harm     .    d - ring of see invisible
rCorr   .          Rampage  .    c - +6 ring of intelligence
Will    .....                    (no ring)
Stlth   +++.......               (no ring)
HPRegen 0.12/turn                (no ring)
MPRegen 0.51/turn                (no ring)
                                 (no ring)
                                 (no ring)

@: spider-form (expiring)
A: venomous fangs, almost no armour, (amphibious), 8 rings, tiny, (camouflage
1), (gelatinous body 1), (nimble swimmer 1), (tentacles)
a: End Transformation


You were on level 4 of the Dungeon.
You were a venomous arachnid creature.
You visited 1 branch of the dungeon, and saw 4 of its levels.

You collected 193 gold pieces.

Inventory:

Jewellery
 b - an amulet of magic regeneration (around neck)
 c - a +6 ring of intelligence (right front leg)
 d - a ring of see invisible (left front leg)
Wands
 f - a wand of mindburst (12)
Scrolls
 e - a scroll of teleportation
 h - a scroll of vulnerability
 i - a scroll of amnesia


   Skills:
 - Level 1.0 Fighting
 - Level 2.0 Dodging
 * Level 6.4 Stealth
 + Level 5.2 Unarmed Combat
 - Level 2.0 Spellcasting
 - Level 2.0 Transmutations


You had 3 spell levels left.
You knew the following spells:

 Your Spells              Type           Power      Damage    Failure   Level
a - Beastly Appendage     Tmut           22%        N/A       16%         1
b - Wereblood             Tmut           11%        N/A       22%         2
c - Spider Form           Tmut/Pois      6%         N/A       47%         3

Your spell library contained the following spells:

 Spells                   Type           Power      Damage    Failure   Level
 Apportation              Tloc           4%         N/A       30%         1
 Necrotise                Necr           8%         1d4       30%         1
 Summon Small Mammal      Summ           8%         N/A       30%         1
 Dazzling Flash           Conj/Hex       4%         N/A       58%         3
 Ice Form                 Ice/Tmut       6%         N/A       82%         4
 Alistair's Intoxication  Tmut/Pois      4%         N/A       98%         5
 Agony                    Necr           2%         N/A       99%         5
 Silence                  Hex/Air        1%         N/A       99%         5


Dungeon Overview and Level Annotations

Branches:
Dungeon (4/15)
 Temple: D:4-7

Altars:
Cheibriados


Innate Abilities, Weirdness & Mutations

You are a venomous arachnid creature.
You have poisonous fangs.
You are tiny and dextrous.
Your spellcasting is less reliable in this form.
Your armour is entirely melded.
You are incapable of wielding weapons or throwing items.
You cannot wear most types of armour.
((You are amphibious.))
You can wear up to eight rings at the same time.
((Your skin changes colour to match your surroundings (Stealth+).))
((Your rubbery body absorbs attacks. (AC +1, EV +1)))
((You are camouflaged when in or above water. (Stealth+)))
((You have tentacles for arms and can constrict up to eight enemies at once.))


Message History

Confirm with . or Enter, or press ? or * to list all spells.
The spell is quite dangerous to miscast (26% risk of failure)!
Continue anyway?
You turn into a venomous arachnid creature.
Unknown command.
You climb downwards.
The black bear closely misses you. The black bear barely misses you.
The black bear closely misses you.
The black bear barely misses you. x2; The black bear closely misses you.
There is a stone staircase leading up here.
You barely miss the black bear. The black bear barely misses you.
The black bear claws you. The black bear misses you.
You barely miss the black bear. The black bear misses you.
The black bear claws you.
The black bear claws you but does no damage.
You hit the black bear.
The black bear is poisoned.
The black bear is lightly wounded.
You hit the black bear.
The black bear is moderately wounded.
The black bear barely misses you. x2; The black bear closely misses you.
You barely miss the black bear.
The black bear is moderately wounded.
The black bear barely misses you. The black bear misses you. x2
You hit the black bear.
The black bear is heavily wounded.
The black bear bites you. The black bear misses you. The black bear claws you.
You hit the black bear.
The black bear is severely wounded.
Your transformation is almost over.
The black bear goes berserk!
You hit the black bear.
The black bear is almost dead.
The black bear bites you! The black bear claws you. The black bear misses you.
You hit the black bear but do no damage.
The black bear looks as sick as possible!
The black bear is almost dead.
The black bear misses you. The black bear claws you.
* * * LOW HITPOINT WARNING * * *
The black bear claws you.
* * * LOW HITPOINT WARNING * * *
The black bear bites you!
You die...

.## .... #... ...
#..# .... #
###..##.... ...
###.#.....$..
8..8##............
#.................
######.s#.........
#.h#..[......
#..#...[....?
#..#....#....
.......## ##.
#......## #.......
##....h. ####...#


You could see a black bear (berserk, extremely poisoned).

Vanquished Creatures
  A bullfrog (D:3)
  2 orc priests (D:3)
  5 orc wizards (D:3)
  2 adders
  2 worms (D:3)
  A dart slug (D:1)
  9 orcs (D:3)
  2 ball pythons (D:1)
  A bat (D:3)
  5 endoplasms
  4 giant cockroaches
  2 goblins
  A hobgoblin (D:1)
  5 kobolds
  7 rats
49 creatures vanquished.

Notes
Turn   | Place    | Note
-------+----------+-------------------------------------------
     0 | D:1      | ytrimaz the Octopode Transmuter began the quest for the
                  | Orb.
     0 | D:1      | Reached XP level 1. HP: 13/13 MP: 3/3
   141 | D:1      | Reached skill level 1 in Stealth
   344 | D:1      | Reached XP level 2. HP: 18/18 MP: 1/5
  1766 | D:2      | Reached skill level 2 in Stealth
  1766 | D:2      | Reached XP level 3. HP: 18/23 MP: 6/6
  2064 | D:2      | Found a faded altar of an unknown god.
  2784 | D:3      | Learned a level 2 spell: Wereblood
  2788 | D:3      | Learned a level 3 spell: Spider Form
  3042 | D:3      | Found a snail-covered altar of Cheibriados.
  3058 | D:3      | Reached skill level 3 in Stealth
  3202 | D:3      | Reached XP level 4. HP: 28/28 MP: 7/7
  3224 | D:3      | Reached skill level 4 in Stealth
  3411 | D:3      | Reached XP level 5. HP: 33/33 MP: 8/8
  3634 | D:3      | Reached skill level 5 in Stealth
  3841 | D:3      | Reached skill level 5 in Unarmed Combat
  3841 | D:3      | Reached XP level 6. HP: 14/38 MP: 9/9
  4063 | D:3      | Reached skill level 6 in Stealth
  4237 | D:4      | Noticed a black bear
  4321 | D:4      | Mangled by a black bear

Illustrated notes

Levels and vault maps discovered:
D:1:      dpeg_arrival_prison, layout_basic
D:2:      layout_basic, dreamdust_ecumenical_altar_grove
D:3:      cheibrodos_pilgrimage, layout_loops_ring, slow_altar_1
D:4:      layout_cave_pools, minitemple, serial_shops,
          nicolae_shop_behind_doors, minmay_misc_feat_alley

Skill      XL: |  1  2  3  4  5  6 |
---------------+-------------------+-----
Stealth        | 1 2 3 4 5 6 |  6.4
Unarmed Combat | 4 5 |  5.2
Fighting       | |  1.0
Dodging        | |  2.0
Spellcasting   | |  2.0
Transmutations | |  2.0

Action                   |  1- 3 |  4- 6 || total
-------------------------+-------+-------++-------
Melee: Unarmed           |    73 |    61 ||   134
       Constrict         |    19 |    11 ||    30
       Tentacles         |    14 |     9 ||    23
       Kick              |    16 |     8 ||    24
       Punch             |     2 |     1 ||     3
 Cast: Beastly Appendage |    20 |     9 ||    29
       Wereblood         |       |     1 ||     1
       Spider Form       |       |     2 ||     2
  Use: Scroll            |     4 |     5 ||     9
       Potion            |     1 |     4 ||     5
 Stab: Sleeping          |     7 |       ||     7
Armor: Skin              |     8 |    18 ||    26
Dodge: Dodged            |    30 |    56 ||    86

Table legend: (Time is in decaauts)
 A = Elapsed time spent in this place.
 B = Non-inter-level travel time spent in this place.
 C = Inter-level travel time spent in this place.
 D = Time resting spent in this place.
 E = Time spent auto-exploring this place.
 F = Levels seen in this place.
 G = Mean time per level.
                   A        B        C        D        E       F      G
               +--------+--------+--------+--------+--------+-----+--------+
         Total |   4310 |   4243 |     67 |    507 |   3234 |   4 | 1077.5 |
       Dungeon |   4310 |   4243 |     67 |    507 |   3234 |   4 | 1077.5 |
               +--------+--------+--------+--------+--------+-----+--------+

Top non-repeatable levels by time:
     D:3: 1595 daAuts
     D:1: 1436 daAuts
     D:2: 1248 daAuts
     D:4: 31 daAuts
